[Event "71st Greek Championship 2022"]
[Site "Athens"]
[Date "2022.12.03"]
[Round "1.1"]
[White "Naoum, Spyridon"]
[Black "Skembris, Spyridon"]
[Result "0-1"]
[ECO "D00"]
[WhiteElo "2352"]
[BlackElo "2381"]
[Annotator "TA"]
[PlyCount "84"]
[EventDate "2022.12.04"]
[EventType "tourn"]
[EventCountry "GRE"]
[SourceTitle "playchess.com"]
[Source "ChessBase"]
[SourceQuality "1"]
[TimeControl "40/5400+30:1800+30"]

1. d4 d5 2. Nc3 Nf6 3. Bf4 c6 4. e3 Bf5 5. f3 h5 6. Bd3 {[%emt 0:00:36] D00: 1 d4 d5: Unusual lines.} Bxd3 7. Qxd3 Na6 8. Nge2 {[%emt 0:03:04] White is slightly better.} e6 9. a3 Bd6 {[%emt 0:04:38] [#]} 10. e4 $146 ({Predecessor:} 10. O-O O-O 11. Bg5 Be7 12. Nf4 Nd7 13. Bxe7 Qxe7 14. Nxh5 Rfe8 15. f4 g6 16. Ng3 {½-½ (56) Elmejbri,A (1931)-Najjar,S (1620) Sousse 2021}) 10... Bxf4 11. Nxf4 Qb6 12. exd5 Nxd5 13. Ncxd5 cxd5 14. O-O O-O-O 15. b4 Kb8 16. Kh1 Rc8 17. b5 (17. Qe3 $11) 17... Nc7 $15 18. a4 Qd6 {[%emt 0:05:24] Prevents c3.} (18... Qa5 $15) 19. Qd2 Na8 20. a5 {[%emt 0:00:07] Prevents Nb6.} Rc4 (20... Nc7 $11) 21. b6 (21. Nd3 $16) 21... axb6 $11 22. axb6 (22. Nd3 {is more complex.} Rhc8 23. axb6 Nxb6 24. Rfb1) 22... Qxb6 (22... Nxb6 $11 {remains equal.} 23. Rfb1 Nd7) 23. c3 $1 $16 Nc7 (23... Rhc8 $16) 24. Nd3 $1 $18 {[%emt 0:01:59][%mdl 1024] Threatens to win with Rfb1. White has strong compensation.} f6 25. Rfb1 Qc6 26. Qa2 {[%emt 0:05:56] aiming for Qa7+.} Kc8 27. Qa7 b5 (27... Rxc3 $2 28. Rb6 Rxd3 29. Rxc6 bxc6 30. Qc5 $18 (30. Rb1 Kd7 $16)) 28. Nc5 (28. Nb2 $1 $16) 28... Rxc3 {[%emt 0:00:20] [#]} (28... h4 $11 {keeps the balance.}) 29. h3 $2 ({Only move:} 29. Na4 $1 $16 bxa4 30. Qb8+ Kd7 31. Qxh8) 29... Re8 $15 (29... Rc4 {seems wilder.} 30. f4 Re8 31. Rc1 g6) 30. Qa5 {[%emt 0:01:29] Against g5} (30. Rc1 $15 Rc4 31. f4) 30... Rc4 $17 31. Nd3 (31. Nb3 $17 {keeps fighting.}) 31... Kd7 {[%emt 0:00:48] Hoping for ...Ra8.} 32. Qe1 $2 (32. Nc5+ Ke7 33. Qd2) 32... Rxd4 $19 33. Ra7 Qb6 ({Inferior is} 33... Rxd3 34. Rc1 Rd4 35. Rxc6 Kxc6 36. Qb1 $17) (33... Ra8 $19 {and Black stays clearly on top.} 34. Rxa8 Nxa8) 34. Rxc7+ (34. Rb7 $17 Qc6 35. Qe3 Rxd3 36. Rxc7+ Kxc7 37. Qxd3) 34... Qxc7 35. Nb4 Ra8 36. Rc1 Rc4 37. Rd1 Qe5 38. Qd2 Ra1 39. Nd3 Rxd1+ 40. Qxd1 Qe3 41. Qb3 Ke7 42. f4 b4 {[%emt 0:00:29] Weighted Error Value: White=0.76/Black=0.33} 0-1

[Event "71st Greek Championship 2022"]
[Site "Athens"]
[Date "2022.12.03"]
[Round "1.2"]
[White "Mitsis, Georgios"]
[Black "Moutousis, Konstantinos"]
[Result "1-0"]
[ECO "A44"]
[WhiteElo "2365"]
[BlackElo "2392"]
[Annotator "TA"]
[PlyCount "85"]
[EventDate "2022.12.04"]
[EventType "tourn"]
[EventCountry "GRE"]
[SourceTitle "playchess.com"]
[Source "ChessBase"]
[SourceQuality "1"]
[TimeControl "40/5400+30:1800+30"]

1. d4 c5 2. d5 e5 3. e4 d6 4. Nc3 a6 5. a4 b6 6. Be2 {[%emt 0:00:35] A44: Semi-Benoni.} Nf6 7. Nf3 Be7 8. O-O {[%emt 0:01:29] White is better.} O-O 9. Nd2 Nbd7 10. Nc4 Ne8 11. g3 Bf6 {[%emt 0:08:22] [#]} 12. f4 $146 {[%emt 0:04:36] White is much more active.} ({Better is} 12. Qd3 $16) ({Predecessor:} 12. Be3 Qe7 13. Qd2 g6 14. Rab1 a5 15. Rbe1 Bg7 16. Bd3 Ba6 17. b3 Nc7 18. f4 exf4 19. gxf4 Bxc4 20. bxc4 {1-0 (26) Malakhatko,V (2612)-Zozulia,A (2346) Tromsoe 2008}) 12... exf4 $1 $11 13. gxf4 Bb7 14. Bg4 Bd4+ 15. Be3 f5 16. Bh3 (16. exf5 b5 17. axb5 Bxc3 18. bxa6 (18. bxc3 axb5 19. Na3 Ndf6 $19) 18... Bxa6 19. Rxa6 Rxa6 $17) (16. Bxf5 $11 Rxf5 17. exf5) 16... Bxc3 17. bxc3 b5 (17... Qe7 $5 18. Qe2 (18. exf5 $2 b5 $19) (18. Bxf5 Rxf5 19. exf5 b5 $17) 18... Qxe4 $15) 18. Nd2 fxe4 {[%emt 0:07:29] ...Ndf6 is the strong threat.} 19. Be6+ Kh8 {[%emt 0:00:04] Hoping for ...Ndf6.} 20. Nxe4 Ndf6 {[%emt 0:01:00] Against f5} 21. Nxf6 Qxf6 22. f5 {[%emt 0:02:16] Prevents Qg6+.} Nc7 {[%emt 0:00:58] aiming for ...Nxe6.} (22... Qxc3 {simplifies} 23. Bf4 Nc7 24. axb5 axb5 25. Rxa8 Bxa8 26. Rf2 Re8) 23. Qd2 (23. Bf4 $11 {keeps the balance.}) 23... Nxe6 $1 $17 24. fxe6 Qg6+ 25. Qg2 {[%emt 0:00:27] Threatens to win with Qxg6.} Qxg2+ ({Much worse is} 25... Bxd5 26. Qxg6 hxg6 27. e7 $14) 26. Kxg2 Bxd5+ 27. Kg1 Rxf1+ 28. Kxf1 Bxe6 29. axb5 {[%emt 0:00:20][%mdl 4096] Endgame KRB-KRB} Bc4+ 30. Kg1 Bxb5 31. Rd1 Re8 32. Bf4 h6 33. Rxd6 Re2 34. Rd5 c4 35. Rc5 {[%emt 0:00:12] [#]} (35. h4 $17) 35... Kh7 (35... g5 $1 $19 36. Bd6 Kh7) 36. Be5 {[%emt 0:00:13] [#]} (36. h4 $17) 36... g5 $1 $19 ({Not} 36... Rxc2 37. Rc7 Kg6 38. Ra7 $17) 37. Bd4 (37. Kf1 $17 Rxc2 38. Ke1) 37... Kg6 ({Stronger than} 37... Rxc2 38. Rf5) 38. Rd5 h5 39. Rd6+ Kf5 40. Rd5+ Kg4 (40... Kf4 $17 {And now ...Bc6 would win.} 41. Bf6 g4 42. Rxh5 Bd7 43. Bg5+ Kf3) 41. Bf6 $15 Rg2+ $2 42. Kxg2 $18 Bc6 43. h3+ {[%emt 0:00:06] Quite a comeback for White.   Weighted Error Value: White=0.16 (very precise) /Black=0.27 (precise)} 1-0

[Event "71st Greek Championship 2022"]
[Site "Athens"]
[Date "2022.12.03"]
[Round "1.3"]
[White "Trimitzios, Petros"]
[Black "Markidis, Konstantinos"]
[Result "1-0"]
[ECO "A13"]
[WhiteElo "2358"]
[BlackElo "2290"]
[Annotator "TA"]
[PlyCount "131"]
[EventDate "2022.12.04"]
[EventType "tourn"]
[EventCountry "GRE"]
[SourceTitle "playchess.com"]
[Source "ChessBase"]
[SourceQuality "1"]
[TimeControl "40/5400+30:1800+30"]

1. c4 e6 2. Nf3 Nf6 3. g3 d5 4. Bg2 d4 5. e3 c5 6. exd4 cxd4 7. O-O Nc6 8. d3 Be7 {[%emt 0:01:58] A13: English Opening: 1...e6.} 9. Re1 {[%emt 0:06:38] Inhibits e5.} Nd7 10. Na3 e5 {[%emt 0:00:53] White has an edge.} 11. Nc2 a5 {[%emt 0:00:48] Against b4} 12. Qe2 {[%emt 0:01:27] [#]} O-O $146 {[%emt 0:26:51] [#]} ({Predecessor:} 12... Qb6 13. Bh3 Bf6 14. b3 O-O 15. Ba3 Re8 16. Nd2 Be7 17. Bxe7 Rxe7 18. Bg2 Nf6 {1-0 (36) Koehler,J (2023)-Dehaybe,A (2007) LSS email 2014}) 13. Nd2 (13. Nfxd4 $1 $11 Nxd4 14. Nxd4) 13... Re8 $15 14. b3 Nc5 15. Ba3 Bf8 16. Ne4 Nxe4 17. Bxe4 Nb4 18. Nxb4 (18. Qh5 $2 g6 19. Qe2 Nxc2 20. Bxf8 Nxe1 $19) (18. Bxb4 $14 axb4 19. Bd5 (19. Qh5 g6 $11)) 18... axb4 $11 (18... Bxb4 19. Bxb4 axb4 20. Bd5 $16 (20. Qh5 g6 $14)) 19. Bc1 (19. Qh5 $2 g6 20. Qf3 bxa3 $19) 19... Bd6 20. f4 exf4 $1 21. c5 Bc7 22. Bxf4 (22. Bxh7+ {keeps more tension.} Kf8 23. Qxe8+ Qxe8 24. Rxe8+ Kxe8 25. Be4) 22... Bxf4 23. gxf4 g6 ({Black should try} 23... Bf5 $15 24. Qg2 Bxe4 25. Rxe4 Rxe4 26. Qxe4 Qd7) 24. Qf2 (24. Qd2 $5 ) 24... Re7 25. Rac1 Be6 26. Qg2 (26. h4 {with more complications.} Rc7 27. f5 gxf5 28. Bxf5 Bxf5 29. Qxf5 Qxh4 30. Re4) 26... Qc8 27. c6 ({White should play} 27. Qg5 $11 Rc7 28. f5 Bxf5 29. Bxf5 Qxf5 30. Qxf5 gxf5 31. Re2) 27... bxc6 $15 28. Rxc6 Qe8 (28... Qd7 $5 29. Rec1 Bh3 $11) 29. Rb6 (29. Rc5 $5 Rc8 30. Re5 $11) 29... Rd8 (29... Rb8 {seems wilder.} 30. Rd6 Rd8 31. Bc6 Bf5) 30. Rf1 f5 31. Bc6 Qf8 32. Rxb4 Rc7 33. Rb7 Qd6 (33... Rxc6 $11 {and Black is okay.} 34. Qxc6 Bd5) 34. Rxc7 $18 Qxc7 35. b4 $1 {[%emt 0:00:16] Against Qa5. aiming for a4.} Rd6 {[%emt 0:01:15] [#] Inhibits a4.} (35... Kf8 $16 {keeps fighting.}) 36. b5 $1 Qa5 37. Rf2 (37. Rb1 $18 {has better winning chances.}) 37... Qc3 {[%emt 0:00:24] [#] Inhibits b6.} 38. Qf3 Qa1+ $2 {[%emt 0:00:28] A mistake that costs the game.} (38... Bf7 $16 39. Re2 Kg7) 39. Kg2 {[%emt 0:00:31] b6 is the strong threat.} Bxa2 $2 (39... Qc3 40. Qe2 Bf7) 40. Qe2 $2 (40. b6) 40... Be6 $2 (40... Bf7 41. Qe7 Re6 42. Qd8+ Kg7) 41. Qe5 Qa3 {[%emt 0:04:35] [#]} 42. b6 $1 {[%emt 0:01:21] b7 would kill now.} Rxc6 43. b7 (43. Qxd4 $2 Rd6 44. Qe3 Bf7 $19) 43... Rb6 44. b8=Q+ (44. b8=B $2 Qa8+ 45. Kg1 Qxb8 $19) 44... Rxb8 45. Qxb8+ {[%emt 0:00:10][%mdl 4096] Endgame KQR-KQB} Kf7 46. Rc2 {[%emt 0:02:06] Threatens to win with Rc7+.} Bd7 47. Qb7 ({Weaker is} 47. Rc7 Qa2+ 48. Kf1 Qa1+ 49. Kf2 Qa2+ 50. Ke1 Qa1+ 51. Kf2 Qa2+ 52. Kg1 Qa1+ 53. Kg2 Qa2+ 54. Kf1 Qa1+ 55. Ke2 Qa2+ 56. Kd1 Qa4+ 57. Kd2 Qa5+ 58. Kc2 Ke7 $18) 47... Qd6 48. Qf3 (48. Qc7 $142 Qxc7 49. Rxc7) 48... h6 49. h4 Kf6 50. Qa8 {[%emt 0:02:32] Against Ba4} Kg7 {[%emt 0:01:29] Against Qh8+} (50... Qxf4 $2 51. Qd8+ Ke6 52. Re2+ $18) (50... Kf7 $142 51. Qa7 Ke6 52. Re2+ Kf6) 51. Qa7 {[%emt 0:00:49] Intending Rc7 and mate.} Kf7 $2 (51... g5 52. Rc4 (52. fxg5 hxg5 53. Qc7 Qd5+ 54. Kg1 gxh4 $18) 52... Kg6) 52. Qc7 Qd5+ 53. Kf2 Qe6 54. Qc4 g5 55. hxg5 hxg5 56. fxg5 {[%emt 0:00:13] White mates.} Qxc4 57. dxc4 {[%emt 0:00:19] KR-KB} Kg6 58. c5 d3 59. Rc3 Bb5 60. Ke1 f4 61. c6 f3 62. c7 f2+ 63. Kxf2 d2 64. c8=Q (64. c8=B d1=Q) 64... d1=Q 65. Qe6+ Kxg5 66. Rg3+ {[%emt 0:01:03] Weighted Error Value: White=0.25 (precise) /Black=0.50} 1-0

[Event "71st Greek Championship 2022"]
[Site "Athens"]
[Date "2022.12.03"]
[Round "1.4"]
[White "Marinakis, Hristos"]
[Black "Alexiadis, Hristos"]
[Result "1-0"]
[ECO "B14"]
[WhiteElo "2118"]
[BlackElo "2342"]
[Annotator "TA"]
[PlyCount "139"]
[EventDate "2022.12.04"]
[EventType "tourn"]
[EventCountry "GRE"]
[SourceTitle "playchess.com"]
[Source "ChessBase"]
[SourceQuality "1"]
[TimeControl "40/5400+30:1800+30"]

1. e4 c6 2. d4 d5 3. exd5 cxd5 4. c4 Nf6 5. Nc3 g6 6. Nf3 Bg7 7. Bg5 O-O 8. Bxf6 Bxf6 9. cxd5 Bg4 10. Be2 {[%emt 0:12:18][%cal Bf1e2,Be2f3,Bf3b7][%mdl 32] B14: Caro-Kann: Panov-Botvinnik Attack with 5...e6 and 5...g6.} Qb6 11. O-O Qxb2 12. Ne4 {[%emt 0:09:49] The position is equal.} Bg7 {[%emt 0:04:22] [#]} 13. Qd3 $146 (13. a4 $5 ) ({Predecessor:} 13. d6 exd6 14. Nxd6 Qb4 15. Nxf7 Rxf7 16. Rb1 Qe7 17. Bc4 Nc6 18. Re1 Qd7 19. h3 Bxf3 20. Qxf3 {½-½ (57) Leniart,A (2372)-Baklan,V (2618) Wroclaw 2009}) 13... Bxf3 14. Bxf3 Qxd4 15. Qxd4 (15. Qa3 {is more complex.} Nd7 16. Qxe7 Rfd8 17. Rad1) 15... Bxd4 16. Rab1 Bb6 ({Resist} 16... f5 17. Ng5 Nd7 18. Ne6 $16 (18. Rxb7 Nc5 $11)) 17. d6 {[%emt 0:00:28][%mdl 64] [#] Deflection} exd6 (17... Re8 $11) 18. Nf6+ $16 {[%emt 0:07:21][%mdl 64] Discovered Attack} ({Don't play} 18. Nxd6 Nc6 $11) 18... Kg7 19. Bxb7 {[%emt 0:00:05] White has more active pieces. The black rooks are badly placed.} Kxf6 20. Bxa8 Nd7 21. Bd5 Ne5 22. Rfc1 Re8 23. Rc2 h5 24. Kf1 Kg7 25. Rd1 Ng4 26. h3 Nf6 27. Bb3 Rd8 28. Re2 Kf8 29. Bd5 Nxd5 30. Rxd5 {[%emt 0:00:06][%mdl 4096] Endgame KRR-KRB} Rc8 31. Red2 Bc5 32. Rc2 {[%emt 0:01:24] Hoping for Rxd6.} Rb8 33. Rd3 Rb1+ 34. Ke2 Rg1 35. g3 Kg7 36. h4 Kf8 37. Rb3 Kg7 38. Rb7 Ra1 39. Re7 Kf6 40. Re4 Rb1 41. Kf3 Rb7 42. Ke2 Rb1 $1 43. Kd3 Kg7 44. Kc4 Rf1 45. Rf4 Re1 46. Rd2 Re7 47. Kd5 Rc7 48. Rb2 Ba3 49. Rb3 Bc5 50. a4 a5 51. Rb5 Bb4 (51... Ra7 52. f3 Bf2) 52. Rfxb4 axb4 53. Kxd6 $18 {[%emt 0:00:13] KR-KR} Rc2 54. Rxb4 Rxf2 55. a5 Ra2 56. Rb5 {[%emt 0:00:18] Kc6 is the strong threat.} Ra3 57. Kc6 Rxg3 58. a6 Ra3 {[%emt 0:00:29] [#]} 59. Kb6 $1 f5 60. a7 Rxa7 61. Kxa7 {[%emt 0:00:06] KR-K3P} f4 62. Kb6 Kf6 63. Kc5 Ke5 64. Kc4+ Ke4 65. Rb6 f3 66. Rxg6 f2 {[%emt 0:00:52] White mates.} 67. Rf6 Ke3 68. Kd5 Ke2 69. Ke5 Ke1 70. Rf4 {[%emt 0:00:21] Weighted Error Value: White=0.09 (flawless) /Black=0.12 (very precise)} 1-0

[Event "71st Greek Championship 2022"]
[Site "Athens"]
[Date "2022.12.03"]
[Round "1.5"]
[White "Alexakis, Dimitris"]
[Black "Koutlas, Nikolaos"]
[Result "1-0"]
[ECO "B53"]
[WhiteElo "2486"]
[BlackElo "2267"]
[Annotator "TA"]
[PlyCount "117"]
[EventDate "2022.12.04"]
[EventType "tourn"]
[EventCountry "GRE"]
[SourceTitle "playchess.com"]
[Source "ChessBase"]
[SourceQuality "1"]
[TimeControl "40/5400+30:1800+30"]

1. e4 c5 2. Nf3 d6 3. d4 cxd4 4. Qxd4 Nc6 5. Qe3 g6 6. c4 {[%emt 0:00:51] B53: Sicilian: 2...d6: Lines with Qxd4.} Bg7 7. Be2 Nf6 (7... Qb6 $5 ) 8. O-O {[%emt 0:00:46] The position is equal.} O-O 9. h3 Nb4 10. Qd2 {[%emt 0:03:17] Against Nc2. e5 is the strong threat.} a5 11. Nc3 {[%emt 0:00:44] [#]} Be6 $146 ({Predecessor:} 11... b6 12. Re1 Bb7 13. Bf1 Rc8 14. Rb1 Nd7 15. a3 Nc6 16. b3 Nc5 17. Qc2 Ne5 18. Nxe5 Bxe5 {1-0 (36) Sjugirov,S (2663)-Kabanov,N (2450) Khanty-Mansiysk 2018}) 12. Nd4 Bd7 ({Black should try} 12... Nd7 $11) 13. Rb1 $14 Qb6 {[%emt 0:12:51][%cal Ob4a2] And now ...Nxa2! would win.} 14. Rd1 Rac8 15. b3 Rfd8 16. a3 Nc6 17. Ndb5 Na7 18. a4 Nxb5 19. axb5 Qc7 20. Qe3 b6 (20... Be6 $16) 21. Na4 (21. g4 $18) 21... Nxe4 22. Nxb6 ({Only move:} 22. Qxe4 $18 {aiming for g4.} Bf5 23. Qe3 $1) 22... Nc3 $16 {[%emt 0:00:05] Inhibits g4. Threatens to win with ...Nxe2+.} 23. Nxc8 Bxc8 24. Bd2 Nxb1 (24... Bd4 $1 $14 25. Qxc3 (25. Qxd4 $2 Nxe2+ 26. Kh1 Nxd4 $19) 25... Bxc3 26. Bxc3 Bb7) 25. Rxb1 d5 (25... Bb7 $16 26. Bc3 Bxc3 27. Qxc3 e6) 26. cxd5 (26. b6 $18 Qd6 27. c5 (27. Bxa5 d4 $16)) 26... Rxd5 $14 27. Rc1 (27. Bc4 {seems wilder.} Rd7 28. Rc1 Qd8 29. Bc3) 27... Qd8 28. Bc3 Bxc3 29. Qxc3 (29. Rxc3 {simplifies} Bb7 30. Rd3 Rxd3 31. Bxd3 e6 32. Bf1) 29... Bd7 30. Bc4 Rd6 31. Ra1 (31. Re1 {simplifies} Be6 32. Bxe6 fxe6 33. Re4) 31... Qb6 32. Qe5 (32. Qxa5 Rd1+ 33. Kh2 Qb8+ 34. g3 Rxa1 35. Qxa1 Bxb5 $11) 32... Rf6 33. Ra2 {[%emt 0:00:38] Active counter play!} (33. Qxe7 Qxf2+ 34. Kh1 Bxh3 35. Qe8+ (35. gxh3 Qf3+ 36. Kh2 Qf2+ 37. Kh1 Qf3+ 38. Kh2 Qf2+ 39. Kh1 $11) 35... Kg7 36. gxh3 Qf3+ 37. Kh2 Qf2+ 38. Kh1 Qg3 $11) (33. Qe2 {simplifies} Be6 34. Rd1 Bxc4 35. bxc4 Re6 36. Qb2) 33... Rf5 ({Black should play} 33... Rd6 $14) 34. Qe3 (34. Qxe7 $18 {and White stays clearly on top.} Bxb5 35. g4) 34... Qxe3 $16 35. fxe3 Bxb5 36. Rxa5 (36. e4 $16 Rh5 37. g4 (37. Rxa5 Bc6 $14) 37... Rxh3 38. Bxb5) 36... Bxc4 (36... Bc6 $11 {remains equal.} 37. b4 Kf8) 37. Rxf5 Bxb3 {[%emt 0:00:27][%mdl 4096] Endgame KR-KB} ({Don't play} 37... gxf5 $6 38. bxc4 Kg7 39. Kf2 $11) 38. Rb5 Bc2 39. Rb7 e6 40. Rc7 Be4 41. Rc4 Bd5 42. Rb4 f5 43. Ra4 {[%emt 0:08:00] Black must now prevent Ra7.} Bc6 (43... Kg7 $16 {is a better defense.} 44. Ra7+ Kh8) 44. Ra6 $18 Bd5 {[%emt 0:02:03] [#]} 45. Ra7 h6 46. Kf2 Kf8 47. Rh7 h5 $2 (47... Be4 48. Rxh6 Kg7) 48. Rc7 $2 (48. h4 e5 49. Rc7) 48... Be4 $2 (48... h4 49. g3 g5 50. gxh4 gxh4) 49. h4 e5 50. Rc5 f4 51. g3 Bh1 52. Rxe5 fxe3+ 53. Kxe3 Kf7 54. Kf4 Kf6 55. Rb5 Bg2 56. Rb6+ Kf7 57. Kg5 Be4 58. Rf6+ Kg7 59. Re6 {[%emt 0:00:05] Weighted Error Value: White=0.27 (precise) /Black=0.36} 1-0

[Event "71st Greek Championship 2022"]
[Site "Athens"]
[Date "2022.12.04"]
[Round "2.1"]
[White "Skembris, Spyridon"]
[Black "Koutlas, Nikolaos"]
[Result "1/2-1/2"]
[ECO "A20"]
[WhiteElo "2381"]
[BlackElo "2267"]
[Annotator "TA"]
[PlyCount "90"]
[EventDate "2022.12.04"]
[EventType "tourn"]
[EventCountry "GRE"]
[SourceTitle "playchess.com"]
[Source "ChessBase"]
[SourceQuality "1"]
[TimeControl "40/5400+30:1800+30"]

1. c4 e5 2. g3 h5 3. h4 Bc5 4. Nc3 Nc6 5. Bg2 d6 6. Na4 {[%emt 0:02:29] A20: English Opening: 1...e5.} Bb6 {[%emt 0:23:51] [#]} 7. Nf3 $146 ({Predecessor:} 7. Nxb6 axb6 8. d3 Nge7 9. e4 Nd4 10. Nh3 f6 11. O-O Be6 12. Be3 Qd7 13. Kh2 {0-1 (47) Kulon,K (2347)-Wadsworth,M (2373) Daventry 2019}) 7... Bg4 8. d3 {[%emt 0:08:30] White is slightly better.} Ba5+ 9. Bd2 Bxd2+ 10. Qxd2 Nf6 11. Nc3 Qd7 12. Ng5 Nh7 13. O-O-O {[%emt 0:03:44] White is more active.} ({Better is} 13. Nxh7 $16 {aiming for Ng5.} Rxh7 14. b3) 13... Nf8 $14 14. f3 Bf5 15. e4 {[%emt 0:11:31] Against f6} Be6 16. Rdf1 f6 17. Nxe6 Nxe6 18. Bh3 Ncd4 19. Kb1 O-O-O 20. Nb5 Nxb5 21. cxb5 Kb8 22. Rc1 Qe8 23. Bxe6 (23. Qc3 {is interesting.} Rd7 24. Qa5 Nd4 25. Bxd7 Qxd7 26. f4) 23... Qxe6 {[%emt 0:00:05] The position is equal.} 24. Qa5 Rd7 25. Rc3 d5 26. Rhc1 Qb6 27. Qxb6 axb6 $11 {[%emt 0:00:25][%mdl 4096] Endgame KRR-KRR} 28. Kc2 dxe4 29. fxe4 Rhd8 30. Rf1 Rd4 31. a3 Kc8 32. Rf5 Rh8 33. Kd2 Kd7 34. Ke3 c5 35. bxc6+ bxc6 36. Rf1 c5 37. Rfc1 Ke6 38. b4 cxb4 39. axb4 Rxb4 40. Rc7 {[%emt 0:00:00][%cal Rc1c6] [#]} Rd8 41. Rxg7 Rb3 42. Rc6+ Rd6 43. Rxd6+ Kxd6 44. Rh7 Rb2 45. Rxh5 Rg2 {[%emt 0:00:05] Weighted Error Value: White=0.04 (flawless) /Black=0.05 (flawless)} 1/2-1/2

[Event "71st Greek Championship 2022"]
[Site "Athens"]
[Date "2022.12.04"]
[Round "2.2"]
[White "Alexiadis, Hristos"]
[Black "Alexakis, Dimitris"]
[Result "1-0"]
[ECO "A77"]
[WhiteElo "2342"]
[BlackElo "2486"]
[Annotator "TA"]
[PlyCount "81"]
[EventDate "2022.12.04"]
[EventType "tourn"]
[EventCountry "GRE"]
[SourceTitle "playchess.com"]
[Source "ChessBase"]
[SourceQuality "1"]
[TimeControl "40/5400+30:1800+30"]

1. d4 Nf6 2. c4 c5 3. d5 e6 4. Nc3 exd5 5. cxd5 d6 6. Nf3 a6 7. a4 g6 8. Nd2 Nbd7 9. e4 Bg7 10. Be2 O-O 11. O-O Re8 12. h3 Rb8 13. Re1 {[%emt 0:01:19] A77: Modern Benoni: Classical: 9...Re8 10 Nd2: 10...a6 and 10...Nbd7.} h5 (13... Ne5 $11 {keeps the balance.}) 14. a5 b5 15. axb6 {[%emt 0:00:53] White is slightly better.} Nxb6 16. Ra3 (16. Bxa6 Ra8 17. Bxc8 (17. Qe2 Nbxd5 18. Ra3 Bxa6 $17) 17... Rxa1 $15) 16... Nfd7 {[%emt 0:07:47] [#]} 17. Qc2 $146 (17. Bxa6 Bxa6 18. Rxa6 c4 $11) (17. Bf1 $16) ({Predecessor:} 17. Bf1 h4 18. Nb3 Ne5 19. Na5 g5 20. Nc6 Nxc6 21. dxc6 Bd4 22. Be3 Qf6 23. Bxa6 {1-0 (42) Matlakov,M (2673)-Kopylov,A (2425) Khanty-Mansiysk 2012}) 17... Ne5 (17... Qe7 $14) 18. f4 $1 $16 (18. Bxa6 Bxa6 19. Rxa6 c4 $11) 18... Ned7 19. Nf3 (19. Bxa6 $6 Bxa6 20. Rxa6 c4 $14) 19... Qc7 20. b3 (20. Be3 $16) 20... c4 $1 $14 21. b4 Nf6 22. Bf1 Bb7 (22... Nbd7 $1 $14) 23. Be3 {[%emt 0:02:21] White is more active.} (23. Kh2 {simplifies} Rbc8 24. Bd2 Re7 25. Be3) 23... Nxe4 $1 24. Nxe4 {[%emt 0:00:06] Hoping for Bf2.} Nxd5 25. Neg5 (25. Bxc4 $14 Rec8 26. Qd2 $1 Qxc4 27. Nxd6 Qxb4 28. Qxb4 Nxb4 29. Ba7) 25... Nxe3 (25... c3 $1 $15 26. Ba7 Rxe1 27. Nxe1 Nxb4) 26. Raxe3 Rxe3 27. Rxe3 {[%emt 0:00:05] Black must now prevent f5.} Bxf3 28. Rxf3 ({Much weaker is} 28. Nxf3 d5 $11) 28... d5 29. f5 Qe7 $2 {[%emt 0:00:27] [#] This costs Black the game.} (29... h4 $16 {was necessary.}) 30. h4 $1 $18 Qf6 (30... Qxb4 {was worth a try.} 31. fxg6 Qb6+ 32. Kh1 fxg6) 31. fxg6 Qxg6 32. Qd1 Qb6+ 33. Kh1 Qd4 34. Qe1 Bf6 35. Rf5 Bxg5 $2 (35... Kg7 36. Be2 Qe3) 36. Rxg5+ Kf8 37. Qg3 {[%emt 0:00:11] Against Qf4. White threatens Qd6+ and mate.} Ke7 {[%emt 0:00:55] Inhibits Qd6+.} 38. Qc7+ {[%emt 0:01:00] White mates.} (38. Qxb8 Qxh4+ 39. Kg1 Qd4+ 40. Kh2 Qh4+ 41. Kg1 Qd4+ 42. Kh2 Qh4+ 43. Kg1 $11) 38... Ke6 39. g3 ({And not} 39. Qxb8 Qxh4+ 40. Kg1 Qd4+ 41. Kh2 Qh4+ 42. Kg1 Qd4+ 43. Kh2 Qh4+ 44. Kg1 $11) 39... Re8 40. Bh3+ Kf6 41. Rf5+ {[%emt 0:00:39] Weighted Error Value: White=0.12 (very precise) /Black=0.69} 1-0

[Event "71st Greek Championship 2022"]
[Site "Athens"]
[Date "2022.12.04"]
[Round "2.3"]
[White "Markidis, Konstantinos"]
[Black "Marinakis, Hristos"]
[Result "1-0"]
[ECO "B51"]
[WhiteElo "2290"]
[BlackElo "2118"]
[Annotator "TA"]
[PlyCount "85"]
[EventDate "2022.12.04"]
[EventType "tourn"]
[EventCountry "GRE"]
[SourceTitle "playchess.com"]
[Source "ChessBase"]
[SourceQuality "1"]
[TimeControl "40/5400+30:1800+30"]

1. e4 c5 2. Nf3 d6 3. Bb5+ Nd7 4. c3 Ngf6 5. Bd3 g6 6. Bc2 {[%emt 0:00:07] B51: Sicilian: Moscow Variation (3 Bb5+) without 3...Bd7.} Bg7 7. d4 O-O 8. O-O {[%emt 0:00:07] White has an edge.} b5 9. Re1 Bb7 10. a4 a6 11. h3 e5 12. d5 c4 {[%emt 0:06:43] [#]} 13. Be3 $146 ({Predecessor:} 13. Nbd2 Nc5 14. a5 Nh5 15. b3 cxb3 16. Nxb3 Rc8 17. Nxc5 Rxc5 18. Ra3 h6 19. g3 {1-0 (39) Tregubov,P (2423)-Golsta,M (1938) Riga 2021}) 13... Ne8 14. Na3 Nc7 15. b3 cxb3 16. Bxb3 f5 17. c4 b4 {[%emt 0:09:57] [#] And now ...f4 would win.} 18. c5 $1 {[%emt 0:05:59] Nc4 is the strong threat.} bxa3 19. c6 Bc8 {[%emt 0:00:29] White must now prevent ...Nf6.} 20. cxd7 Bxd7 21. Rxa3 Rb8 22. Bc2 ({Don't play} 22. Bg5 Bf6 23. Bh6 Bg7 $11) 22... fxe4 23. Ng5 Rb4 24. Nxe4 (24. Bd2 {feels hotter.} Rb2 25. Bc1 Rb8 26. Bxe4 Qf6 27. Qc2) 24... Bf5 25. f3 Bf6 26. Rc3 {[%emt 0:01:27] Threatens to win with Nxf6+.} Bxe4 27. fxe4 Ne8 28. Rf1 (28. Qg4 $142) 28... Bg5 $16 29. Rxf8+ Kxf8 30. Qf3+ Kg7 {[%emt 0:00:33] [#]} 31. Bf2 $1 Rb2 32. Rc6 $36 {[%emt 0:00:54][%mdl 2048] Hoping for Qc3. White is on the roll.} Bd2 {[%emt 0:00:56] Inhibits Qc3.} (32... Qb8 $142 33. Bd3 a5) 33. Qd3 {[%emt 0:01:34] White is more active.} Qg5 (33... Qa5 $16 {might work better.} 34. Kf1 (34. Rxa6 Qc3 $16) 34... Kf7) 34. Rxa6 Ra2 $2 ({Weaker is} 34... Bb4 35. Rc6 $16) (34... Rb7 35. Bd1 Bb4) 35. Ra7+ $18 Kh6 $2 (35... Kf8 36. g3 (36. Rxh7 Ra1+ 37. Bb1 Nf6 $18) 36... Bc1) 36. h4 {[%emt 0:00:49] White is clearly winning.} Ra1+ 37. Bb1 Qf4 38. g3 Rxb1+ 39. Qxb1 Qf3 40. Qc2 Qe2 41. Rf7 Ng7 42. Rxg7 Kxg7 43. a5 {[%emt 0:00:06] Weighted Error Value: White=0.28 (precise) /Black=0.24 (precise)} 1-0